 Dungeon Crawl Stone Soup version 0.23.0 (webtiles) character file.

Game seed: 9498427861018696638

5054 tv1990 the Cleaver (level 10, -3/82 HPs)
             Began as a Formicid Monk on Feb 10, 2019.
             Was an Elder of Okawaru.
             Slain by an orc warrior
             ... wielding a +3 short sword
              (9 damage)
             ... on level 9 of the Dungeon.
             The game lasted 00:34:14 (10006 turns).

tv1990 the Cleaver (Formicid Monk)                 Turns: 10006, Time: 00:34:15

Health: -3/82      AC: 18    Str: 19    XL:     10   Next: 86%
Magic:  14/14      EV:  7    Int: 10    God:    Okawaru [****..]
Gold:   431        SH:  0    Dex: 13    Spells: 9/9 levels left

rFire    . . .     SeeInvis +   q - +1 war axe (freeze)
rCold    . . .     Gourm    .   (no shield)
rNeg     . . .     Faith    .   x - +1 plate armour
rPois    .         Spirit   .   (helmet unavailable)
rElec    .         Reflect  .   g - +1 cloak
rCorr    .         Harm     .   (no gloves)
MR       +....                  (no boots)
Stlth    ..........             w - amulet of magic regeneration
HPRegen  0.23/turn              i - ring of stealth
MPRegen  0.39/turn              (no ring)

@: confused
A: permanent stasis, dig shafts and tunnels, four strong arms, antennae 3, thin
metallic scales 1, sense surroundings 1
a: Dig, Shaft Self, Heroism, Renounce Religion


You were on level 9 of the Dungeon.
You worshipped Okawaru.
Okawaru was greatly pleased with you.
You were not hungry.

You visited 2 branches of the dungeon, and saw 11 of its levels.

You collected 431 gold pieces.

Inventory:

Hand Weapons
 a - a +0 hand axe
 o - a +1 flail of crushing
 q - a +1 war axe of freezing (weapon)
 u - a +0 flail of venom
Missiles
 h - 65 bolts
Armour
 b - a +0 robe
 f - a +0 ring mail
 g - a +1 cloak (worn)
 n - a +0 chain mail
 x - a +1 plate armour (worn)
Jewellery
 i - a ring of stealth (left hand)
 w - an amulet of magic regeneration (around neck)
Wands
 j - a wand of paralysis (19)
 m - a wand of digging (3)
 y - a wand of scattershot (8)
 F - a wand of acid (7)
Scrolls
 e - a scroll of immolation
 k - 4 scrolls of enchant weapon
 s - 2 scrolls of fear
 v - a scroll of blinking
 D - a scroll of noise
Potions
 l - a potion of degeneration {unknown}
 z - 2 potions of cancellation
 A - a potion of haste
 C - 2 potions of resistance
 I - 2 potions of flight
Comestibles
 c - 19 rations
 d - a chunk of flesh


   Skills:
 + Level 8.5 Fighting
 * Level 10.5 Axes
 + Level 7.6 Armour
 - Level 2.6 Dodging
 - Level 2.4 Stealth
 - Level 6.5 Invocations


You had 9 spell levels left.
You didn't know any spells.
Your spell library was empty.

Dungeon Overview and Level Annotations

Branches:
Dungeon (10/15)            Temple (1/1) D:7            Lair (0/6) D:10
    Orc (0/2) D:9

Altars:
Ashenzari
Cheibriados
Dithmenos
Elyvilon
Fedhas
Gozag
Hepliaklqana
Kikubaaqudgha
Makhleb
Nemelex Xobeh
Okawaru
Qazlal
Ru
Sif Muna
Trog
Uskayaw
Vehumet
Wu Jian
Xom
Yredelemnul
Zin
The Shining One

Shops:
D:5 =

Annotations:
D:10 exclusion: oklob plant


Innate Abilities, Weirdness & Mutations

You cannot be hasted, slowed, berserked, paralysed or teleported.
You can dig through walls and to a lower floor.
Your four strong arms can wield two-handed weapons with a shield.
You have a pair of large antennae on your head. (SInv)
You are partially covered in thin metallic scales. (AC +2)
You passively map a small area around you.


Message History

The orc warrior hits you but does no damage.
The orc warrior hits you with a +3 short sword!
* * * LOW HITPOINT WARNING * * *
Okay, then.
Okay, then.
You barely miss the orc warrior.
The orc warrior hits you with a +3 short sword.
* * * LOW HITPOINT WARNING * * *
You closely miss the orc warrior. The orc warrior closely misses you.
The orc warrior hits you with a +3 short sword.
* * * LOW HITPOINT WARNING * * *
You are confused.
You feel invigorated.
The orc warrior hits you with a +3 short sword!
* * * LOW HITPOINT WARNING * * *
You bump into the rock wall.
The orc warrior hits you with a +3 short sword!
* * * LOW HITPOINT WARNING * * *
The orc warrior hits you with a +3 short sword!
You die...

, ####..#.# ,, *
###.......# , , *
##........## , **
#..........# .o..
#..........## ...? , ,*
##...........# , ..... ,**
#........รท...# .>.o., ###
#............# * o.....
#@###............#
,......###o#..............
.......#{##$.............
,........{{...............
......##.................
..... #..##..............
* #.## #.###......... , #
* * #. #........., , , .$*
#........ *


You could see an orc warrior (berserk).

Vanquished Creatures
  Harold (D:10)
  Maurice (D:10)
  A hornet (D:10)
  A hippogriff (D:7)
  Sigmund (D:5)
  2 wraiths (D:10)
  2 hungry ghosts (D:7)
  A warg (D:9)
  Edmund (D:4)
  An ice beast (D:7)
  2 orc warriors
  2 sky beasts
  2 ogres
  2 phantoms
  2 centaurs
  2 big kobolds
  3 bullfrogs
  A wyvern skeleton (D:10)
  A howler monkey (D:5)
  5 crimson imps
  A centaur zombie (D:10)
  2 bullfrog zombies
  2 orc priests
  2 hounds
  2 jellies (D:5)
  3 bullfrog skeletons
  7 orc wizards
  Jessica (D:10)
  2 iguanas
  7 worker ants
  2 hound skeletons
  Robin (D:2)
  9 adders
  8 gnolls
  2 howler monkey skeletons
  An ooze (D:4)
  An adder zombie (D:5)
  2 worms
  3 dart slugs (D:1)
  5 leopard geckos
  29 orcs
  6 bats
  5 giant cockroaches
  17 goblins
  9 hobgoblins
  13 jackals
  16 kobolds
  3 quokkas
  A ball python (D:3)
  8 frilled lizards
  A jackal skeleton (D:6)
  A leopard gecko skeleton (D:7)
  5 rats
211 creatures vanquished.

Notes
Turn   | Place    | Note
-------+----------+-------------------------------------------
     0 | D:1      | tv1990 the Formicid Monk began the quest for the Orb.
     0 | D:1      | Reached XP level 1. HP: 18/18 MP: 1/1
     0 | D:1      | Noticed a black draconian
     2 | D:1      | Noticed an iron dragon
     2 | D:1      | Noticed an orb of fire
     4 | D:1      | Noticed an iron dragon
     6 | D:1      | Noticed a large abomination
     7 | D:1      | Noticed an orb of fire
    11 | D:1      | Noticed a yellow draconian
    11 | D:1      | Noticed a tentacled monstrosity
    13 | D:1      | Noticed a shadow dragon
    13 | D:1      | Noticed a large abomination
    15 | D:1      | Noticed a red draconian
    15 | D:1      | Noticed an ice dragon
    19 | D:1      | Noticed an orb of fire
    19 | D:1      | Noticed an orb of fire
    21 | D:1      | Noticed a green draconian
    87 | D:1      | Reached XP level 2. HP: 12/24 MP: 2/2
   446 | D:1      | Reached skill level 1 in Armour
   462 | D:1      | Reached XP level 3. HP: 22/29 MP: 3/3
  1201 | D:2      | Noticed Robin
  1234 | D:1      | Reached XP level 4. HP: 17/37 MP: 4/4
  1423 | D:2      | Killed Robin
  1423 | D:2      | Reached skill level 4 in Axes
  1897 | D:2      | Found a stormy altar of Qazlal.
  2015 | D:2      | Reached XP level 5. HP: 36/42 MP: 5/5
  2272 | D:2      | Found a radiant altar of Vehumet.
  2689 | D:3      | Noticed a bullfrog
  2700 | D:3      | Killed a bullfrog
  2700 | D:3      | Reached skill level 5 in Axes
  2700 | D:3      | Reached XP level 6. HP: 18/49 MP: 6/6
  3049 | D:3      | Found an opulent altar of Gozag.
  3536 | D:4      | Noticed Edmund
  3563 | D:4      | Gained mutation: You are partially covered in thin metallic
                  | scales. (AC +2) [potion of mutation]
  3563 | D:4      | Gained mutation: You passively map a small area around you.
                  | [potion of mutation]
  3567 | D:4      | Killed Edmund
  3759 | D:4      | Reached XP level 7. HP: 46/55 MP: 7/7
  3905 | D:4      | Reached skill level 5 in Fighting
  4003 | D:4      | Found a burning altar of Makhleb.
  4172 | D:4      | Found a glowing silver altar of Zin.
  4295 | D:4      | Found an ancient bone altar of Kikubaaqudgha.
  4296 | D:4      | Found a blossoming altar of Fedhas.
  4583 | D:5      | Entered Level 5 of the Dungeon
  4583 | D:5      | Found a deep blue altar of Sif Muna.
  4625 | D:5      | Reached skill level 6 in Axes
  4671 | D:5      | Found Xuwkah's Jewellery Shop.
  4973 | D:5      | Reached XP level 8. HP: 16/63 MP: 8/8
  5358 | D:5      | Noticed Sigmund
  5593 | D:5      | Killed Sigmund
  5593 | D:5      | Reached skill level 7 in Axes
  5634 | D:5      | Noticed a +0 hand axe
  5636 | D:5      | Noticed a +0 hand axe
  5637 | D:5      | Found a hide-covered altar of Uskayaw.
  5891 | D:6      | Reached skill level 5 in Armour
  6035 | D:6      | Found a blossoming altar of Fedhas.
  7110 | D:7      | Reached skill level 8 in Axes
  7110 | D:7      | Reached XP level 9. HP: 54/71 MP: 9/9
  7207 | D:7      | Found a staircase to the Ecumenical Temple.
  7213 | Temple   | Entered the Ecumenical Temple
  7422 | Temple   | Became a worshipper of Warmaster Okawaru
  7422 | Temple   | Reached * piety under Okawaru
  7422 | Temple   | Reached ** piety under Okawaru
  7528 | D:7      | Reached skill level 5 in Invocations
  8009 | D:7      | Noticed a hippogriff
  8023 | D:7      | Killed a hippogriff
  8705 | D:8      | Noticed a two-headed ogre
  8754 | D:9      | Reached *** piety under Okawaru
  8945 | D:9      | Noticed a two-headed ogre
  8963 | D:10     | Entered Level 10 of the Dungeon
  9009 | D:10     | Reached skill level 9 in Axes
  9009 | D:10     | Reached XP level 10. HP: 75/79 MP: 14/14
  9036 | D:10     | Found a staircase to the Lair.
  9038 | D:10     | Noticed an oklob plant
  9157 | D:10     | Noticed Maurice
  9174 | D:10     | Killed Maurice
  9368 | D:10     | Noticed Harold
  9384 | D:10     | Killed Harold
  9384 | D:10     | Reached **** piety under Okawaru
  9384 | D:10     | Reached skill level 10 in Axes
  9385 | D:10     | poor poor harold :'(
  9436 | D:10     | Noticed Jessica
  9443 | D:10     | Killed Jessica
  9447 | D:10     | Found a deep blue altar of Sif Muna.
  9969 | D:9      | Found a staircase to the Orcish Mines.
 10006 | D:9      | Slain by an orc warrior

Skill      XL: |  1  2  3  4  5  6  7  8  9 10 |
---------------+-------------------------------+-----
Armour         | 1 2 3 4 5 6 7 |  7.6
Axes           | 4 5 6 8 9 10 | 10.5
Fighting       | 4 5 6 7 8 |  8.5
Invocations    | 6 |  6.5
Dodging        | |  2.6
Stealth        | |  2.4

Action                   |  1- 3 |  4- 6 |  7- 9 | 10-12 || total
-------------------------+-------+-------+-------+-------++-------
Melee: Hand axe          |   110 |   211 |   522 |       ||   843
       War axe           |       |       |   153 |   137 ||   290
       Punch             |       |       |     4 |     3 ||     7
Invok: Heroism           |       |       |     5 |     5 ||    10
 Abil: Dig               |     1 |     2 |     9 |     2 ||    14
  Use: Potion            |       |     3 |     9 |     3 ||    15
       Scroll            |       |       |       |    15 ||    15
 Stab: Sleeping          |     8 |       |       |       ||     8
       Distracted        |       |       |     1 |       ||     1
  Eat: Chunk             |     1 |     9 |    21 |     3 ||    34
       Ration            |       |       |     4 |       ||     4
Armor: Robe              |    18 |       |       |       ||    18
       Ring mail         |    11 |    15 |       |       ||    26
       Chain mail        |       |    87 |   268 |       ||   355
       Plate armour      |       |       |   102 |    61 ||   163
Dodge: Dodged            |    73 |    99 |   234 |    36 ||   442

Levels and vault maps discovered:
D:1:      shiori_arrival_whats_in_store_for_you, layout_basic
D:2:      layout_basic, lemuel_round_altar, vehumet_crystals, wad_orctagon,
          uniq_robin
D:3:      layout_basic, lemuel_coloured_pillars_altar, serial_curves,
          eino_curves_04, eino_curves_03, eino_curves_04, eino_curves_03
D:4:      layout_loops_ring, grunt_temple_overflow_growth_and_decay,
          lemuel_round_altar, first_ration, makhleb_heckhound_becter,
          uniq_edmund
D:5:      layout_cave_pools, dancing_weapons_uskayaw, serial_shops,
          nicolae_shop_crystal, basic_altar, minmay_stone_trees_small,
          minmay_misc_feat_doors, uniq_sigmund
D:6:      layout_basic, fedhas_bush_and_centaur_altar
D:7:      layout_loops_ring, minmay_temple_entry_hall, grunt_ogre_cave,
          hex_medium
D:8:      minmay_bloctagon, layout_layer_cave, kennysheep_little_box,
          uniq_joseph
D:9:      layout_cave_pods, david_orc_3
D:10:     layout_irregular_city, dpeg_oklobed_lair, tgw_sif, uniq_harold,
          uniq_maurice
Temple:   minmay_temple_curvy_branch
